 Dungeon Crawl Stone Soup version 0.26.0-45-g9c1d065592 (webtiles) character file.

Game seed: 927652357416830170

389 trckry the Bolt Thrower (level 6, 0/37 HPs)
             Began as a Tengu Hunter on Jan 30, 2021.
             Killed by divine providence
             ... invoked by an orc priest
              (10 damage)
             ... on level 4 of the Dungeon.
             The game lasted 00:05:49 (3085 turns).

trckry the Bolt Thrower (Tengu Hunter)              Turns: 3085, Time: 00:05:49

Health: 0/37       AC:  7    Str: 15    XL:     6   Next: 79%
Magic:  8/8        EV: 13    Int: 11    God:
Gold:   182        SH:  0    Dex: 14    Spells: 5/5 levels left

rFire    . . .     SeeInvis .   b - +3 falchion (flame)
rCold    . . .     Faith    .   (no shield)
rNeg     . . .     Spirit   .   f - +0 scale mail
rPois    .         Reflect  .   (helmet restricted)
rElec    .         Harm     .   (no cloak)
rCorr    .         Rampage  .   s - +0 pair of gloves
Will     .....                  (boots unavailable)
Stlth    ..........             (no amulet)
HPRegen  0.12/turn              (no ring)
MPRegen  0.11/turn              (no ring)

@: flying quickly and evasively, quick
A: beak, talons 3, able to fly
a: Stop Flying


You were on level 4 of the Dungeon.
You visited 1 branch of the dungeon, and saw 4 of its levels.
You also visited: Sewer.

You collected 182 gold pieces.

Inventory:

Hand Weapons
 a - a +1 hand crossbow
 b - a +3 falchion of flaming (weapon)
Missiles
 d - 73 bolts
 p - 2 poisoned darts (quivered)
Armour
 f - a +0 scale mail (worn)
 s - a +0 pair of gloves (worn)
Jewellery
 r - an uncursed ring of protection from fire {unknown}
 x - a cursed ring of attention {unknown}
Scrolls
 e - 2 scrolls of blinking {unknown}
 h - 8 scrolls of teleportation {unknown}
 j - 2 scrolls of random uselessness {unknown}
 o - a scroll of immolation {unknown}
 t - a scroll of enchant weapon {unknown}
 u - a scroll of identify {unknown}
 v - a scroll of summoning {unknown}
Potions
 c - 3 potions of magic {unknown}
 g - 3 potions of curing {unknown}
 i - 3 potions of flight {unknown}
 k - a potion of lignification {unknown}
 l - 3 potions of heal wounds {unknown}
 m - a potion of resistance {unknown}
 n - 2 potions of attraction {unknown}
 q - a potion of ambrosia {unknown}
 w - 2 potions of degeneration {unknown}


   Skills:
 + Level 3.0 Fighting
 * Level 3.1 Staves
 * Level 5.5 Crossbows
 + Level 2.1 Armour
 + Level 3.3 Dodging
 - Level 1.0 Stealth
 + Level 1.5 Invocations
 + Level 1.8 Evocations


You had 5 spell levels left.
You didn't know any spells.
Your spell library was empty.

Dungeon Overview and Level Annotations

Branches:
Dungeon (4/15)              Sewer (visited)
 Temple: D:4-7

Altars:
Kikubaaqudgha
Nemelex Xobeh
Uskayaw


Innate Abilities, Weirdness & Mutations

You have a beak for a mouth.
You have claws for feet.
You can fly continuously.


Message History

The hound misses you.
You hit the hound. You burn the hound. You peck the hound, but do no damage.
The hound is moderately wounded.
The hound bites you but does no damage. The hound bites you.
You hit the hound. You burn the hound. Your peck misses the hound.
The hound is severely wounded.
The hound closely misses you. The hound bites you but does no damage.
You closely miss the hound. You peck the hound.
The hound is severely wounded.
The hound misses you. The hound bites you but does no damage.
The orc priest invokes the aid of Beogh against you.
Beogh smites you!
You slash the hound! You burn the hound.
You kill the hound!
The orc priest invokes the aid of Beogh against you.
Beogh smites you!
* * * LOW HITPOINT WARNING * * *
The orc priest mumbles some strange prayers to Beogh against you.
Beogh smites you!
You die... ##?###.####. .######...)oo.(... ......!.o###'####. ..######o# .. #.# ... #o# oo.

######.# ..
#...##o# .
#...##@#
#...##.#
#..)##.# ###
#...##.# #<#
#......### #.#
#........#
#.###........#
#.....)......#
#..##.#'######


You could see an orc warrior, 2 orc priests and an orc.

Vanquished Creatures
  Purgy (Sewer)
  An ogre (D:4)
  2 hounds (D:4)
  Robin (D:2)
  A howler monkey skeleton (D:2)
  5 adders
  An ooze (D:1)
  2 worms (D:2)
  2 dart slugs
  5 leopard geckos
  3 orcs
  6 giant cockroaches
  16 goblins
  6 hobgoblins
  4 bats
  3 frilled lizards
  8 kobolds
  9 rats
76 creatures vanquished.

Notes
Turn   | Place    | Note
-------+----------+-------------------------------------------
     0 | D:1      | trckry the Tengu Hunter began the quest for the Orb.
     0 | D:1      | Reached XP level 1. HP: 12/12 MP: 2/2
    22 | D:1      | You fall into a shaft and drop 1 floor!
    22 | D:2      | Found an ancient bone altar of Kikubaaqudgha.
    59 | D:2      | Reached XP level 2. HP: 17/17 MP: 3/3
    92 | D:2      | Reached skill level 1 in Staves
   127 | D:2      | Reached XP level 3. HP: 21/21 MP: 4/4
   819 | D:2      | Found a hide-covered altar of Uskayaw.
   903 | D:2      | Found a faded altar of an unknown god.
   923 | D:2      | Reached skill level 1 in Armour
   947 | D:2      | Noticed Robin
   990 | D:2      | Reached XP level 4. HP: 20/27 MP: 5/5
  1015 | D:2      | Killed Robin
  1628 | D:2      | Reached skill level 1 in Evocations
  2198 | D:3      | Gained mutation: You can fly continuously. [Tengu growth]
  2198 | D:3      | Reached XP level 5. HP: 30/31 MP: 6/6
  2289 | D:3      | Reached skill level 5 in Crossbows
  2437 | D:3      | Found a sparkling altar of Nemelex Xobeh.
  2441 | D:3      | Reached skill level 1 in Invocations
  2697 | D:4      | Found a glowing drain.
  2736 | Sewer    | Entered a sewer
  2848 | Sewer    | Noticed Purgy
  2850 | Sewer    | Killed Purgy
  2851 | Sewer    | Reached XP level 6. HP: 33/36 MP: 7/7
  3070 | D:4      | Noticed an orc warrior
  3085 | D:4      | Killed from afar by an orc priest

Illustrated notes

Levels and vault maps discovered:
D:1:      dpeg_arrival_tiny_e, layout_basic, minmay_pentomino_q2
D:2:      layout_loops_ring, eat_drink_and_be_merry_uskayaw,
          general_overflow_altar, chequers_ecumenical_altar_island, uniq_robin
D:3:      layout_basic, overflow_temple_1_default
D:4:      layout_basic, minmay_temple_entry_hall, gup_sewer_entry_pipe,
          uniq_sigmund

Skill      XL: |  1  2  3  4  5  6 |
---------------+-------------------+-----
Staves         | 1 2 3 |  3.1
Armour         | 1 2 |  2.1
Evocations     | 1 |  1.8
Crossbows      | 5 |  5.5
Invocations    | 1 |  1.5
Dodging        | 3 |  3.3
Fighting       | 3 |  3.0
Stealth        | |  1.0

Action                   |  1- 3 |  4- 6 || total
-------------------------+-------+-------++-------
Melee: Short sword       |    49 |    56 ||   105
       Peck              |    10 |    22 ||    32
       Kick              |     7 |    28 ||    35
       Falchion          |       |    56 ||    56
 Fire: Hand crossbow     |    12 |     3 ||    15
 Abil: Fly               |       |     1 ||     1
Armor: Scale mail        |    33 |    35 ||    68
Dodge: Dodged            |    33 |    60 ||    93
       Rpst.: Falchion   |       |    11 ||    11
